 Dungeon Crawl Stone Soup version bcrawl-1.14.2-1-gc900083943 (webtiles) character file.

Game seed: 14326072772294543606

178691 MisterOstroum the Unseen (level 16, -11/88 HPs)
             Began as a Spriggan Enchanter on Sept 20, 2019.
             Was the Champion of Jiyva.
             Shot with an arrow by a deep elf archer (26 damage)
             ... on level 1 of the Elven Halls on Sept 21, 2019.
             The game lasted 04:53:28 (36227 turns).

MisterOstroum the Unseen (Spriggan Enchanter)      Turns: 36227, Time: 04:53:29

Health: -11/88     AC:  9    Str: 10    XL:     16   Next: 60%
Magic:  32/33      EV: 30    Int: 22    God:    Jiyva [******]
Gold:   1271       SH:  1    Dex: 17    Spells: 7/39 levels left

rFire    + + .     SeeInvis +   c - +9 long sword of Slow Death {slice, Dex+2}
rCold    + . .     Gourm    .   (shield restricted)
rNeg     . . .     Faith    .   y - +0 robe
rPois    +         Spirit   .   (helmet restricted)
rElec    .         Reflect  .   k - +2 cloak
rCorr    +         Harm     .   (gloves unavailable)
MR       ++...                  (boots unavailable)
Stlth    ++++++....             (no amulet)
HPRegen  0.24/turn              p - ring "Kayrchae" {rPois rF+ Stlth+}
MPRegen  0.23/turn              M - +3 ring of strength

@: marked, flying (expiring), heavily drained, very quick
A: very small, unfitting armour, rugged brown scales 1, see invisible, blink,
cold resistance 1, fire resistance 1, herbivore, speed 3, shaggy fur 1, slow
metabolism 2, acidic bite, gelatinous body 2
}: 3/15 runes: barnacled, slimy, gossamer
a: Blink, Request Jelly, Slimify, Cure Bad Mutation, Renounce Religion


You were on level 1 of the Elven Halls.
You worshipped Jiyva.
Jiyva was exalted by your worship.
You were completely stuffed.

You visited 7 branches of the dungeon, and saw 31 of its levels.
You also visited: Sewer.

You collected 1583 gold pieces.
You spent 312 gold pieces at shops.

Inventory:

Hand Weapons
 a - a +8 rapier of venom
 b - the +8 dagger of Gluttony {venom, Dex+4}
   (You found it on level 5 of the Pits of Slime)

   It poisons the flesh of those it strikes.
   It affects your dexterity (+4).
 c - the +9 long sword of Slow Death (weapon) {slice, Dex+2}
   (You found it on level 5 of the Pits of Slime)

   It inflicts extra damage upon your enemies.
   It affects your dexterity (+2).
 x - a +2 hunting sling of freezing
 D - a +1 trident of flaming
 H - a +2 whip of electrocution
 J - a +1 dagger of chaos
Missiles
 f - 1026 stones
 r - 22 poisoned tomahawks (quivered)
 t - 727 arrows
 O - 39 exploding tomahawks
 Q - 505 bolts
 T - 720 tomahawks
 V - 7 throwing nets {!f!f}
Armour
 k - a +2 cloak (worn)
 o - a +0 troll leather armour
 y - a +0 robe (worn)
Jewellery
 p - the ring "Kayrchae" (left hand) {rPois rF+ Stlth+}
   (You found it on level 5 of the Pits of Slime)

   [ring of protection from fire]

   It protects you from fire.
   It protects you from poison.
   It makes you more stealthy.
 M - a +3 ring of strength (right hand)
 R - an uncursed ring of positive energy
 S - the ring of Suspected Treachery {rF+ rC+}
   (You found it on level 6 of the Dungeon)

   [ring of protection from fire]

   It protects you from fire.
   It protects you from cold.
Wands
 h - a wand of clouds (5)
 q - a wand of paralysis (21)
 s - a wand of flame (15)
 E - a wand of polymorph (12)
 G - a wand of iceblast (5)
 W - a wand of acid (6)
 Z - a wand of disintegration (25)
Scrolls
 d - 3 scrolls of fog {!r}
 j - a scroll of fear {!r}
 m - a scroll of blinking {@r4}
 u - a scroll of enchant armour
 B - 6 scrolls of teleportation {@r3 !r}
 F - 5 scrolls of remove curse {@r2}
 I - 2 scrolls of amnesia
 L - a scroll of vulnerability
 N - 2 scrolls of magic mapping {@r5 !r}
 P - a scroll of summoning
 X - a scroll of torment
Potions
 g - 6 potions of curing {@q1 !q}
 i - 3 potions of lignification {@q6}
 l - 3 potions of ambrosia
 n - 2 potions of invisibility
 z - 4 potions of flight
 A - 5 potions of heal wounds {@q2 !q}
 C - 3 potions of brilliance
 K - 3 potions of haste {@q4 !q}
 U - 2 potions of magic
 Y - 3 potions of agility {@q5 !q}
Miscellaneous
 v - a sack of spiders
 w - a phial of floods
Comestibles
 e - 25 rations {!d}


   Skills:
 + Level 10.4(8.0) Fighting
 + Level 8.3(7.0) Short Blades
 - Level 4.7(3.9) Long Blades
 - Level 3.1(1.1) Throwing
 - Level 15.0(12.3) Dodging
 - Level 16.0(13.2) Stealth
 - Level 12.0(9.4) Spellcasting
 - Level 13.0(10.4) Hexes
 - Level 5.0(2.9) Charms
 - Level 0.8(0.0) Necromancy
 - Level 13.0(10.4) Transmutations
 - Level 4.6(2.5) Ice Magic
 - Level 9.0(6.6) Poison Magic
 - Level 10.0(7.6) Evocations


You had 7 spell levels left.
You knew the following spells:

 Your Spells              Type           Power        Failure   Level  Hunger
a - Corona                Hex            ######.      1%          1    None
b - Ensorcelled Hibernat  Hex/Ice        #####.       1%          2    None
c - Confuse               Hex            ######..     1%          3    None
d - Tukima's Dance        Hex            ######..     1%          3    None
e - Infestation           Hex/Tmut/Pois  ######...    22%         6    ######.
f - Spectral Weapon       Hex/Chrm       #####...     1%          3    None
g - Inner Flame           Hex/Fire       N/A          2%          3    None
h - Flaming Arrows        Chrm/Fire      ###.....     5%          2    None
H - Regeneration          Chrm/Necr      ###.......   11%         3    None
I - Invisibility          Hex            ######..     14%         6    ######.

Your spell library contained the following spells:

 Spells                   Type           Power        Failure   Level  Hunger
 Passwall                 Tmut/Erth      ####....     1%          2    None
 Freeze                   Ice            ###...       2%          1    None
 Dazzling Spray           Conj/Hex       ####..       2%          3    None
 Swiftness                Chrm/Air       ###.....     5%          2    None
 Animate Skeleton         Necr           N/A          6%          1    None
 Apportation              Tloc           ##....       6%          1    None
 Blink Other              Tloc           ##....       6%          1    None
 Flame Tongue             Conj/Fire      ##...        6%          1    None
 Pain                     Necr           ##..         6%          1    None
 Sandblast                Erth           ##....       6%          1    None
 Throw Frost              Conj/Ice       ###...       6%          2    None
 Ozocubu's Armour         Chrm/Ice       ###.....     6%          3    None
 Petrify                  Tmut/Erth      ####....     8%          4    ##.....
 Darkness                 Hex            ######....   14%         6    ######.
 Conjure Flame            Conj/Fire      ##......     19%         3    None
 Stone Arrow              Conj/Erth      ##....       19%         3    None
 Teleport Other           Tloc           ##......     19%         3    None
 Vampiric Draining        Necr           ##........   19%         3    None
 Silence                  Hex/Air        ####......   21%         5    ####...
 Summon Ice Beast         Ice/Summ       ###.....     36%         4    ##.....
 Throw Icicle             Conj/Ice       ###.....     36%         4    ##.....
 Animate Dead             Necr           N/A          54%         4    ##.....
 Sticky Flame             Conj/Fire      ##......     54%         4    ##.....
 Iskenderun's Battlesphe  Conj/Chrm      ###.....     69%         5    ####...
 Bolt of Draining         Conj/Necr      ##........   87%         5    ####...
 Dispel Undead            Necr           ##......     87%         5    ####...
 Fireball                 Conj/Fire      ##........   87%         5    ####...
 Lee's Rapid Deconstruct  Erth           ##........   87%         5    ####...
 Passage of Golubria      Tloc           N/A          87%         5    ####...
 Summon Lightning Spire   Summ/Air       ##......     87%         5    ####...
 Deflect Missiles         Chrm/Air       ###.......   99%         6    ######.
 Borgnjor's Vile Clutch   Necr/Erth      ##........   100%        6    ######.
 Conjure Ball Lightning   Conj/Air       ##........   100%        6    ######.
 Shadow Creatures         Summ           N/A          100%        6    ######.
 Ring of Flames           Chrm/Fire      ###.......   100%        7    #######
 Time Stop                Chrm/Tloc      N/A          100%        8    #######
 Tornado                  Air            ##........   100%        9    #######


Dungeon Overview and Level Annotations

Branches:
Dungeon (12/12)            Temple (0/1) D:7            Lair (6/6) D:7
 Shoals (3/3) Lair:3       Spider (3/3) Lair:3        Slime (5/5) Lair:6
    Orc (1/1) D:9             Elf (1/3) Orc
 Vaults: D:11-12     Depths: D:12

Altars:
Ashenzari
Cheibriados
Elyvilon
Fedhas
Gozag
Kikubaaqudgha
Lugonu
Makhleb
Nemelex Xobeh
Okawaru
Ru
Sif Muna
Trog
Wu Jian
Xom
Zin
Beogh
Jiyva

Shops:
D:6 ?   D:7 [:*   D:9 [(   Orc ?(([%   Shoals:1 (   Shoals:2 *

Annotations:
D:11 1 runed door
D:12 Agnes
Lair:4 exclusion: fire dragon
Shoals:3 exclusions: alligator snapping turtle and 4 more exclusions
Spider:2 exclusions: electric eel and spark wasp
Spider:3 XD
Slime:5 Royal Jelly


Innate Abilities, Weirdness & Mutations

You are very small and have problems with some larger weapons.
You are too small for most types of armour.
You have supernaturally acute eyesight. (SInv)
You are a herbivore.
You cover ground extremely quickly.
You need to consume almost no food.
You are partially covered in rugged brown scales. (AC +1, +3% HP)
You can translocate small distances at will.
Your flesh is cold resistant. (rC+)
Your flesh is heat resistant. (rF+)
You are covered in fur. (AC +1)
You have acidic saliva.
Your pliable body absorbs attacks. (AC +2, EV +2)


Message History

The +0 glaive of flaming completely misses you.
The deep elf demonologist casts a spell.
The air elemental hits you.
The +2 short sword of draining hits you!
You feel drained.
You hear a slurping noise.
You feel a little less hungry.
You feel your power returning.
You feel better.
The slime creature misses the fire elemental.
The orc hits the slime creature.
The deep elf knight mumbles some strange words.
The deep elf knight flickers and vanishes for a moment.
The air elemental hits you.
The +0 glaive of flaming hits the slime creature!!
The +0 glaive of flaming burns the slime creature!
You hear a slurping noise.
You feel a little less hungry.
You feel your power returning.
You feel better.
You hear a blaring wail to the northwest.
A sentinel's mark forms upon you.
The soul eater is engulfed in blazing flames.
The soul eater draws from the surrounding life force!
The slime creature is drained of life.
The soul eater is healed.
You hear a shout!
You hear a deafening roar!
You hear a shout! x4
Unknown command.
The deep elf knight is engulfed in blazing flames.
The deep elf knight gestures wildly while chanting.
The deep elf knight seems to speed up.
The slime creature hits the fire elemental!
The air elemental hits you but does no damage.
The deep elf knight is engulfed in blazing flames.
The deep elf knight wields a +0 shortbow.
The deep elf knight shoots an arrow.
The arrow hits the slime creature!!
The slime creature dies!
The orc warrior returns to its original shape as it dies.
The deep elf knight mumbles some strange words.
The deep elf knight seems to speed up.
The winds around the air elemental calm down.
A vortex of raging winds appears around the air elemental!
The +2 short sword of draining closely misses you.
The +2 short sword of draining hits you.
You feel drained.
Casting: Confuse (safe; 1% risk of failure)
Confirm with . or Enter, or press ? or * to list all spells.
You draw out your weapon's spirit!
The +2 short sword of draining barely misses you.
You slash the +2 short sword of draining!
The +2 short sword of draining is heavily damaged.
Your spectral weapon closely misses the +2 short sword of draining.
The +2 short sword of draining misses you.
The +2 short sword of draining hits you!
You feel drained.
You barely miss the +2 short sword of draining.
Your bite misses the +2 short sword of draining.
The +2 short sword of draining is heavily damaged.
Your spectral weapon misses the +2 short sword of draining.
The +2 short sword of draining completely misses you.
The +2 short sword of draining hits you.
You feel drained.
Really quaff
A - 6 potions of heal wounds {@q2 !q}? [Y]es or [N]o only, please.
Really quaff
A - 6 potions of heal wounds {@q2 !q}?
You feel much better.
The +2 short sword of draining hits you but does no damage.
You feel drained.
The +2 short sword of draining hits you!
You feel drained.
You miss the +2 short sword of draining.
The +2 short sword of draining is heavily damaged.
Your spectral weapon hits the +2 short sword of draining!!
The +2 short sword of draining falls from the air.
The air elemental completely misses you. x2
You barely miss the air elemental.
The air elemental is moderately damaged.
The winds around the air elemental calm down.
Your spectral weapon completely misses the air elemental.
A vortex of raging winds appears around the air elemental!
The air elemental completely misses you.
You hit the air elemental but do no damage.
The air elemental is moderately damaged.
The vortex of raging winds lifts you up.
You fly up into the air.
Your spectral weapon shares its damage with you!
Your spectral weapon hits the air elemental!
The air elemental completely misses your spectral weapon.
The air elemental barely misses your spectral weapon. x2
The air elemental closely misses your spectral weapon.
A deep elf archer comes into view. It is wielding a +0 dagger.
The air elemental hits your spectral weapon!
Your spectral weapon shares its damage with you!
Your spectral weapon shares its damage with you!
The fire elemental is destroyed!
Your spectral weapon shares its damage with you!
The winds around the air elemental start to calm down.
The air elemental closely misses your spectral weapon.
The deep elf high priest mumbles some strange prayers to its god against you.
The sphere of damnation explodes!
The damnation engulfs you!
* * * LOW HITPOINT WARNING * * *
The deep elf archer unwields a +0 dagger.
The deep elf archer wields a +0 longbow.
The deep elf archer shoots an arrow.
The arrow hits you!!
You die...

##.##### #..........#
#.# #.<........# #.#
#........).# ##+##
##.......#.# ##...##
#.........# ##.....##
###...##### ##.......##
##.###.#
#.........####...##.##
'.........e.....@§.#.##
##.......e####.§§§###.##
#.......## ##§§## ##.#
.+......## ##E(###.##
.+.#...## #§#.#.##
.####+## #§##.## .'.##.#
#°#### e'e..e###### #e#
)#.o.......# #.#


You could see a deep elf archer, a deep elf knight, a deep elf high priest, an
air elemental and a friendly spectral +9 long sword of Slow Death {slice,
Dex+2}.

Vanquished Creatures
  A kraken (Shoals:2)
  Kirke (Shoals:3)
  Louise (Shoals:3)
  An orc warlord (Orc)
  An emperor scorpion (Spider:3)
  Nessos (Lair:4)
  A merfolk javelineer (Shoals:3)
  A fire dragon (Lair:6)
  3 merfolk impalers (Shoals:3)
  7 hydras
  An ogre mage (D:12)
  Psyche (D:8)
  2 centaur warriors
  6 two-headed ogres
  An alligator snapping turtle (Shoals:3)
  A merfolk avatar (Shoals:3)
  A catoblepas (Shoals:3)
  2 merfolk aquamancers (Shoals:3)
  2 alligators (Lair:5)
  12 death yaks
  An orc high priest (Orc)
  6 sea snakes
  2 deep elf archers (Elf:1)
  A lindwurm (Lair:6)
  5 deep elf magi
  3 cyclopes
  8 harpies
  12 orb spiders
  10 manticores
  3 fauns (Shoals:1)
  14 wolf spiders
  An ugly thing (D:10)
  2 centaur zombies
  3 moths of wrath
  5 black mambas
  6 merfolk sirens
  An elephant (shapeshifter) (D:12)
  4 elephants (Lair:5)
  A water nymph (Shoals:3)
  A molten gargoyle (Lair:6)
  17 cane toads
  6 torpor snails
  2 gargoyles
  2 rime drakes (Lair:6)
  12 komodo dragons
  6 demonic crawlers
  3 trolls
  18 jumping spiders
  6 meliai
  13 merfolk
  4 wind drakes
  A queen bee (shapeshifter) (D:10)
  2 dancing weapons
  Grinder (D:3)
  6 polar bears
  5 hornets
  4 snapping turtles
  A hippogriff (shapeshifter) (D:11)
  14 dream sheep
  7 hippogriffs
  9 blink frogs
  45 redbacks
  8 water elementals
  A vampire (D:10)
  An air elemental (Elf:1)
  3 wyverns
  Eustachio (D:5)
  20 tarantellas
  4 basilisks (Lair:6)
  31 yaks
  Grum (D:11)
  A fire elemental (Elf:1)
  2 steam dragons (Lair:6)
  An acid dragon (D:11)
  2 wargs (Orc)
  3 hell hounds (Lair:6)
  11 water moccasins
  11 porcupines
  2 ice beasts
  3 phantoms
  A hornet zombie (D:10)
  26 orc warriors
  2 sky beasts
  10 ogres
  2 boggarts (D:12)
  3 centaurs
  6 wolves
  2 big kobolds (D:9)
  11 crocodiles
  12 bullfrogs
  A wyvern zombie (D:8)
  2 gnoll sergeants (D:5)
  A howler monkey (D:6)
  3 lava snakes (Lair:6)
  A crimson imp (D:4)
  2 hounds (D:5)
  4 gnoll shamans
  9 orc priests
  3 iguanas
  5 jellies
  18 orc wizards
  4 centaur skeletons
  Natasha (D:4)
  A hell rat (Lair:3)
  2 worker ants
  2 worker ant zombies (D:7)
  15 gnolls
  10 adders
  5 river rats
  2 adder skeletons
  11 worms
  3 dart slugs
  5 leopard geckos
  57 orcs
  4 bats
  A giant cockroach (D:2)
  8 goblins
  3 hobgoblins
  11 jackals
  3 ball pythons
  7 frilled lizards
  36 kobolds
  11 rats
  3 fungi (Lair:5)
  3 tentacles (Shoals:2)
758 creatures vanquished.

Vanquished Creatures (collateral kills)
  A merfolk javelineer (Shoals:2)
  A merfolk impaler (Shoals:3)
  A merfolk avatar (Shoals:1)
  2 catoblepae
  3 death yaks
  A dancing weapon (Elf:1)
  A deep elf knight (Elf:1)
  A black mamba (Lair:4)
  9 elephants
  2 water nymphs
  A molten gargoyle (Lair:6)
  2 komodo dragons
  A troll (D:9)
  5 merfolk
  A hornet (D:7)
  A polar bear (Lair:5)
  3 blink frogs
  A snapping turtle (Lair:3)
  7 dream sheep
  7 yaks
  A warg (Orc)
  2 porcupines
  13 orc warriors
  A necrophage (D:5)
  A phantom (D:5)
  An ogre (Orc)
  A boggart (D:12)
  A centaur (D:7)
  2 crocodiles
  A bullfrog (D:7)
  A big kobold (D:4)
  An electric eel (Lair:3)
  A crimson imp (D:5)
  A gnoll shaman (D:5)
  2 orc priests
  4 orc wizards
  2 worker ants (D:12)
  3 hell rats (Lair:3)
  A hound skeleton (D:5)
  9 gnolls (D:5)
  19 orcs
  2 jackals (D:5)
  A quokka (D:5)
122 creatures vanquished.

Vanquished Creatures (others)
  An acid blob (Spider:3)
  A ghost moth (Spider:3)
  A merfolk javelineer (Shoals:3)
  A merfolk impaler (Shoals:3)
  A great orb of eyes (D:12)
  A hydra (Lair:2)
  2 centaur warriors (D:12)
  A merfolk aquamancer (Shoals:3)
  A satyr (Shoals:3)
  A two-headed ogre (D:12)
  A deep elf archer (D:12)
  A harpy (D:12)
  2 deep elf magi (Elf:1)
  A wolf spider (Spider:3)
  A manticore (Shoals:2)
  An orb spider (Spider:3)
  2 orc sorcerers
  A moth of wrath (Spider:3)
  A merfolk siren (Shoals:3)
  A naga mage (D:12)
  The ghost of petermcneter the Basher, a novice SDFi (D:4)
  2 water nymphs (Shoals:3)
  A cane toad (Lair:2)
  A torpor snail (Spider:3)
  2 centaur skeletons
  3 demonic crawlers
  A yaktaur (shapeshifter) (Elf:1)
  3 jumping spiders (Spider:3)
  3 merfolk (Shoals:3)
  A jumping spider (shapeshifter) (D:12)
  2 wind drakes
  9 slime creatures
  A dream sheep (Lair:5)
  A hippogriff (D:11)
  5 dancing weapons
  A water elemental (Shoals:3)
  A spriggan (shapeshifter) (D:11)
  A fire elemental (Elf:1)
  3 humans (Shoals:3)
  4 yaks (Lair:6)
  A vampire mosquito (D:12)
  Menkaure (D:4)
  An acid dragon (Lair:6)
  2 water moccasins (Lair:6)
  5 porcupines
  An ice beast (D:5)
  4 orc warriors
  An eye of draining (D:12)
  A phantom (D:7)
  A black bear (shapeshifter) (D:12)
  2 centaurs
  A crocodile (Lair:3)
  A bullfrog (Lair:3)
  A big kobold (D:4)
  A gnoll sergeant (D:5)
  A hornet simulacrum (D:12)
  5 wights (D:12)
  An electric eel (Spider:1)
  A howler monkey (D:7)
  326 jellies
  4 crimson imps
  7 hounds
  2 orc priests (Orc)
  7 orc wizards
  A gnoll shaman (D:5)
  A bullfrog skeleton (D:5)
  An iguana (D:12)
  3 worker ants
  Natasha (twice) (D:4)
  Robin (D:4)
  13 gnolls
  A worker ant zombie (D:8)
  A river rat (Sewer)
  An adder (D:3)
  3 oozes
  An adder skeleton (D:3)
  A worm (D:3)
  A dart slug (D:2)
  A leopard gecko (D:5)
  20 orcs
  3 ball pythons (Sewer)
  9 goblins
  5 hobgoblins
  5 jackals
  12 kobolds
  2 quokkas
  A jackal skeleton (D:5)
  12 rats (Sewer)
  34 fungi
  41 plants
  13 spectral weapons
  11 tentacles
647 creatures vanquished.

Grand Total: 1527 creatures vanquished

Notes
Turn   | Place    | Note
-------+----------+-------------------------------------------
     0 | D:1      | MisterOstroum the Spriggan Enchanter began the quest for
                  | the Orb.
     0 | D:1      | Reached XP level 1. HP: 9/9 MP: 5/5
   282 | D:1      | Reached skill level 1 in Fighting
   319 | D:1      | Reached skill level 5 in Stealth
   319 | D:1      | Reached XP level 2. HP: 6/14 MP: 4/6
   325 | D:1      | Learned a level 2 spell: Ensorcelled Hibernation
  1103 | D:1      | Reached XP level 3. HP: 18/18 MP: 8/8
  2040 | D:2      | Found a faded altar of an unknown god.
  2051 | D:2      | Became a worshipper of Jiyva Jeuhiuko the Shapeless
  2051 | D:2      | Reached * piety under Jiyva
  2066 | D:2      | Found a shimmering altar of Xom.
  2096 | D:2      | Found a shimmering altar of Xom.
  2124 | D:2      | Reached ** piety under Jiyva
  2218 | D:2      | Reached skill level 1 in Ice Magic
  2218 | D:2      | Reached XP level 4. HP: 23/23 MP: 9/9
  2799 | D:3      | Noticed an ogre
  2898 | D:3      | Found a shattered altar of Ashenzari.
  3019 | D:3      | Learned a level 3 spell: Confuse
  3259 | D:3      | Found a glowing drain.
  3263 | Sewer    | Entered a sewer
  3538 | Sewer    | Reached *** piety under Jiyva
  3570 | Sewer    | Reached XP level 5. HP: 26/26 MP: 9/12
  3575 | Sewer    | Gained mutation: You have a small jelly attached to you
                  | that may absorb incoming projectiles. [Jiyva's grace]
  3774 | Sewer    | Reached **** piety under Jiyva
  3852 | Sewer    | Gained mutation: Armour fits poorly on your pseudopods.
                  | [Jiyva's grace]
  3988 | D:3      | Reached skill level 5 in Spellcasting
  4407 | D:3      | Reached ***** piety under Jiyva
  4452 | D:3      | Noticed Grinder
  4763 | D:3      | Killed Grinder
  4763 | D:3      | Reached XP level 6. HP: 30/30 MP: 10/15
  5108 | D:3      | Reached skill level 5 in Hexes
  5353 | D:4      | Noticed Menkaure
  5365 | D:4      | Lost mutation: You have a small jelly attached to you that
                  | may absorb incoming projectiles. [Jiyva's grace]
  5380 | D:4      | Learned a level 3 spell: Tukima's Dance
  5415 | D:4      | Found a runed translucent gate.
  5415 | D:4      | Found a runed translucent gate.
  5415 | D:4      | Found a runed translucent gate.
  5415 | D:4      | Identified the +6 short sword "Trog's Anger" {pain, Str-5
                  | Dex+5}
  5416 | D:4      | Noticed petermcneter's ghost (novice SDFi)
  5424 | D:4      | Found a sparkling altar of Nemelex Xobeh.
  5464 | D:4      | Noticed a sky beast
  5489 | D:4      | Killed Robin
  5549 | D:4      | Gained mutation: Your spells are a little harder to cast,
                  | but a little more powerful. [Jiyva's grace]
  5694 | D:4      | Killed Menkaure
  5766 | D:4      | Killed a sky beast
  5766 | D:4      | Reached XP level 7. HP: 25/35 MP: 13/18
  5957 | D:4      | Noticed Natasha
  5964 | D:4      | Killed Natasha
  6008 | D:4      | Killed Natasha
  6023 | D:4      | Killed Natasha
  6026 | D:4      | Reached ****** piety under Jiyva
  6049 | D:4      | Killed petermcneter's ghost
  6061 | D:4      | Lost mutation: Your spells are a little harder to cast, but
                  | a little more powerful. [Jiyva's grace]
  6117 | D:5      | Entered Level 5 of the Dungeon
  6211 | D:4      | Reached skill level 6 in Stealth
  6301 | D:5      | Gained mutation: You have acidic saliva. [Jiyva's grace]
  6389 | D:5      | Gained mutation: Your spells are a little harder to cast,
                  | but a little more powerful. [Jiyva's grace]
  6396 | D:5      | Reached XP level 8. HP: 26/39 MP: 20/20
  6467 | D:5      | Gained mutation: You are covered in fur. (AC +1) [Jiyva's
                  | grace]
  6623 | D:5      | Reached skill level 7 in Stealth
  6690 | D:5      | Gained mutation: Your body has grown golden eyes which may
                  | confuse attackers. (Acc +3) [Jiyva's grace]
  6711 | D:5      | Noticed Eustachio
  6753 | D:5      | Killed Eustachio
  6784 | D:5      | Found an ancient bone altar of Kikubaaqudgha.
  7031 | D:5      | Found a burning altar of Makhleb.
  7031 | D:5      | Noticed an Executioner
  7034 | D:5      | Noticed a smoke demon
  7254 | D:6      | Found a blossoming altar of Fedhas.
  7292 | D:6      | Reached skill level 5 in Short Blades
  7595 | D:6      | Found a white marble altar of Elyvilon.
  7732 | D:6      | Lost mutation: Your spells are a little harder to cast, but
                  | a little more powerful. [Jiyva's grace]
  7780 | D:6      | Got a twitching tin ring
  7786 | D:6      | Found Nigieqom's Magic Scroll Shop.
  7800 | D:6      | Bought a scroll of identify for 24 gold pieces
  7801 | D:6      | Identified the ring of Suspected Treachery {rF+ rC+} (You
                  | found it on level 6 of the Dungeon)
  7803 | D:6      | Bought a scroll of identify for 24 gold pieces
  7803 | D:6      | Bought a scroll of identify for 24 gold pieces
  7803 | D:6      | Bought a scroll of amnesia for 42 gold pieces
  7803 | D:6      | Bought a scroll of remove curse for 36 gold pieces
  7803 | D:6      | Bought a scroll of magic mapping for 42 gold pieces
  7803 | D:6      | Bought a scroll of teleportation for 36 gold pieces
  8043 | D:7      | Noticed a troll
  8101 | D:7      | Found a staircase to the Ecumenical Temple.
  8251 | D:7      | Reached XP level 9. HP: 40/42 MP: 23/23
  8337 | D:7      | Reached skill level 1 in Evocations
  8387 | D:7      | Reached skill level 8 in Stealth
  8436 | D:7      | Reached skill level 5 in Dodging
  8443 | D:7      | Gained mutation: Armour fits poorly on your large
                  | pseudopods. [Jiyva's grace]
  8492 | D:7      | Gained mutation: You have a small jelly attached to you
                  | that may absorb incoming projectiles. [Jiyva's grace]
  8497 | D:7      | Reached skill level 9 in Stealth
  8548 | D:7      | Killed a troll
  8548 | D:7      | Reached skill level 10 in Stealth
  8559 | D:7      | Lost mutation: Your body has grown golden eyes which may
                  | confuse attackers. (Acc +3) [Jiyva's grace]
  8583 | D:7      | Found an iron altar of Okawaru.
  8584 | D:7      | Found a bloodstained altar of Trog.
  8674 | D:7      | Found a staircase to the Lair.
  8698 | D:7      | Found Reocvik's Antique Armour Boutique.
  8811 | D:7      | Found Jitewo's Book Shop.
  8849 | D:7      | Found an opulent altar of Gozag.
  8849 | D:7      | Found Gozag's Platinum Reserve.
  8902 | D:7      | Found a shimmering blue altar of Sif Muna.
  9100 | D:8      | Lost mutation: You are covered in fur. (AC +1) [Jiyva's
                  | grace]
  9140 | D:8      | Noticed a two-headed ogre
  9150 | D:8      | Killed a two-headed ogre
  9150 | D:8      | Reached XP level 10. HP: 40/51 MP: 24/24
  9402 | D:8      | Noticed Psyche
  9411 | D:8      | Killed Psyche
  9411 | D:8      | Reached skill level 5 in Fighting
  9955 | D:9      | Found a staircase to the Orcish Mines.
  9992 | D:9      | HP: 2/51 [orc warrior/+0 trident (18)]
 10022 | D:9      | Found Enuruo's Weapon Emporium.
 10241 | D:9      | Found a glowing silver altar of Zin.
 10364 | D:9      | Reached skill level 10 in Hexes
 10547 | D:9      | Learned a level 6 spell: Infestation
 10600 | D:9      | Gained mutation: You are partially covered in thin metallic
                  | scales. (AC +2) [Jiyva's grace]
 10683 | D:9      | Reached skill level 1 in Transmutations
 10717 | D:9      | Reached skill level 1 in Poison Magic
 10732 | D:9      | Found a corrupted altar of Lugonu.
 10773 | D:9      | Found an ornate altar of the Wu Jian Council.
 10781 | D:9      | Found Fecuiten's Antique Armour Boutique.
 10789 | D:9      | Lost mutation: You are partially covered in thin metallic
                  | scales. (AC +2) [Jiyva's grace]
 10799 | D:9      | Found a sacrificial altar of Ru.
 11112 | D:10     | Entered Level 10 of the Dungeon
 11112 | D:10     | Noticed a green ugly thing
 11189 | Lair:1   | Entered Level 1 of the Lair of Beasts
 11717 | Lair:1   | Noticed a cane toad
 11872 | Lair:1   | Noticed a cane toad
 11880 | Lair:1   | Killed a cane toad
 11889 | Lair:1   | Killed a cane toad
 11988 | Lair:1   | Reached XP level 11. HP: 41/55 MP: 25/25
 12168 | Lair:1   | Noticed a six-headed hydra
 12193 | Lair:1   | Reached skill level 5 in Transmutations
 12242 | Lair:1   | Learned a level 3 spell: Regeneration
 12779 | Lair:2   | Reached skill level 11 in Stealth
 13250 | Lair:2   | Noticed a six-headed hydra
 13396 | Lair:2   | Lost mutation: Armour fits poorly on your large pseudopods.
                  | [Jiyva's grace]
 14173 | Lair:4   | Noticed a catoblepas
 14178 | Lair:4   | Noticed an eight-headed hydra
 14248 | Lair:4   | Reached skill level 12 in Stealth
 14382 | Lair:4   | Noticed Nessos
 14520 | Lair:4   | Noticed a five-headed hydra
 14915 | Lair:3   | Gained mutation: Your spells are a little harder to cast,
                  | but a little more powerful. [Jiyva's grace]
 14926 | Lair:3   | Reached XP level 12. HP: 60/60 MP: 12/26
 15009 | Lair:3   | Reached skill level 5 in Evocations
 15123 | Lair:3   | Found a hole to the Spider Nest.
 15279 | Lair:3   | Gained mutation: You evolve. [Jiyva's grace]
 15599 | Lair:3   | Found a staircase to the Shoals.
 15845 | Lair:4   | Killed Nessos
 15845 | Lair:4   | Reached skill level 13 in Stealth
 15845 | Lair:4   | Reached skill level 1 in Charms
 16010 | Lair:4   | Reached skill level 10 in Dodging
 16306 | Lair:5   | Noticed a death yak
 16307 | Lair:5   | Noticed a death yak
 16307 | Lair:5   | Noticed a death yak
 16777 | Lair:4   | Noticed a five-headed hydra
 16823 | Lair:4   | Killed a five-headed hydra
 16907 | Lair:4   | Killed a five-headed hydra
 16977 | Lair:4   | Reached skill level 14 in Stealth
 16997 | Lair:4   | Noticed a fire dragon
 17211 | Lair:5   | Noticed an alligator
 17216 | Lair:5   | Noticed a death yak
 17266 | Lair:6   | Entered Level 6 of the Lair of Beasts
 17266 | Lair:6   | Found a staircase to the Slime Pits.
 17266 | Lair:6   | Found a viscous altar of Jiyva.
 17266 | Lair:6   | Noticed a six-headed hydra
 17272 | Lair:6   | Killed a six-headed hydra
 17289 | Slime:1  | Entered Level 1 of the Pits of Slime
 17289 | Slime:1  | Noticed an azure jelly
 17289 | Slime:1  | Noticed a death ooze
 17289 | Slime:1  | Noticed an acid blob
 17289 | Slime:1  | Noticed a death ooze
 17289 | Slime:1  | Noticed a death ooze
 17289 | Slime:1  | Noticed a death ooze
 17289 | Slime:1  | Noticed an azure jelly
 17289 | Slime:1  | Noticed an acid blob
 17289 | Slime:1  | Noticed a death ooze
 17289 | Slime:1  | Noticed a death ooze
 17289 | Slime:1  | Noticed an azure jelly
 17289 | Slime:1  | Noticed a great orb of eyes
 17289 | Slime:1  | Noticed an acid blob
 17289 | Slime:1  | Noticed an acid blob
 17294 | Slime:2  | Noticed an acid blob
 17294 | Slime:2  | Noticed an acid blob
 17303 | Slime:3  | Noticed an acid blob
 17340 | Slime:3  | Noticed an acid blob
 17353 | Slime:3  | You fall into a shaft and drop 1 floor!
 17361 | Slime:5  | Entered Level 5 of the Pits of Slime
 17361 | Slime:5  | Noticed an azure jelly
 17366 | Slime:5  | Gained mutation: You have sharp fingernails. [Jiyva's
                  | grace]
 17371 | Slime:5  | Gained mutation: Your muscles are strong. (Str +2) [Jiyva's
                  | grace]
 17378 | Slime:5  | Lost mutation: Your muscles are strong. (Str +2) [Jiyva's
                  | grace]
 17386 | Slime:5  | Noticed an acid blob
 17386 | Slime:5  | Noticed an acid blob
 17386 | Slime:5  | Noticed a death ooze
 17388 | Slime:5  | Found a viscous altar of Jiyva.
 17390 | Slime:5  | Noticed an acid blob
 17390 | Slime:5  | Noticed an acid blob
 17391 | Slime:5  | Noticed an azure jelly
 17391 | Slime:5  | Noticed a great orb of eyes
 17392 | Slime:5  | Found the cursed +14 obsidian axe {chop, +Fly SInv *Curse}
 17392 | Slime:5  | Noticed an azure jelly
 17394 | Slime:5  | Identified the Collected Works on Translocation and
                  | Talismans
 17397 | Slime:5  | Noticed the Royal Jelly
 17416 | Slime:5  | Lost mutation: You have acidic saliva. [Jiyva's grace]
 17431 | Slime:5  | Got a faintly humming robe
 17433 | Slime:5  | Identified the cursed +1 robe of Egalitarianism {rPois MR-
                  | Int+3 SInv} (You found it on level 5 of the Pits of Slime)
 17433 | Slime:5  | Got a slimy rune of Zot
 17442 | Slime:5  | Identified Atiwk's Collected Works on the Boosting Arsonist
 17444 | Slime:5  | Identified the +8 dagger of Gluttony {venom, Dex+4}
 17458 | Slime:5  | Identified the ring "Kayrchae" {rPois rF+ Stlth+}
 17460 | Slime:5  | Identified the +9 long sword of Slow Death {slice, Dex+2}
 17488 | Slime:5  | Identified the +2 flail "Woumeics" {freeze, Stlth+} (You
                  | found it on level 5 of the Pits of Slime)
 17507 | Slime:5  | Noticed an acid blob
 17513 | Slime:5  | Noticed a death ooze
 17533 | Slime:4  | Noticed a great orb of eyes
 17533 | Slime:4  | Noticed an acid blob
 17546 | Slime:3  | Noticed an azure jelly
 17650 | Slime:4  | Noticed an azure jelly
 17654 | Slime:4  | Noticed a great orb of eyes
 17677 | Slime:3  | Noticed an azure jelly
 17703 | Slime:1  | Noticed an azure jelly
 17704 | Slime:1  | Noticed an azure jelly
 17704 | Slime:1  | Noticed an acid blob
 17735 | Lair:6   | Noticed an eight-headed hydra
 17953 | D:9      | Gained mutation: Armour fits poorly on your strangely
                  | shaped body. [evolution]
 17954 | D:9      | Lost mutation: Armour fits poorly on your strangely shaped
                  | body. [Jiyva's power]
 18165 | D:10     | Reached skill level 5 in Charms
 18398 | D:10     | Gained mutation: You are partially covered in slimy green
                  | scales. (AC +2) [Jiyva's grace]
 18633 | D:10     | Noticed a two-headed ogre
 18636 | D:10     | Reached skill level 15 in Stealth
 18646 | D:10     | Killed a two-headed ogre
 18646 | D:10     | Reached XP level 13. HP: 63/65 MP: 19/27
 18751 | D:10     | Gained mutation: Your rubbery body absorbs attacks. (AC +1,
                  | EV +1) [Jiyva's grace]
 19014 | D:11     | Lost mutation: You evolve. [Jiyva's grace]
 19289 | D:11     | Identified the +7 long sword of Vemol {speed, Stlth+}
 19308 | D:11     | Noticed a frost giant
 19309 | D:11     | Lost mutation: Your rubbery body absorbs attacks. (AC +1,
                  | EV +1) [Jiyva's grace]
 19401 | D:11     | Noticed Grum
 19437 | D:11     | Killed Grum
 19634 | D:11     | Gained mutation: Your body has grown golden eyes which may
                  | confuse attackers. (Acc +3) [Jiyva's grace]
 19933 | D:12     | Entered Level 12 of the Dungeon
 19986 | D:12     | Gained mutation: You are robust. (+10% HP) [Jiyva's grace]
 20051 | D:12     | Lost mutation: You are robust. (+10% HP) [Jiyva's grace]
 20065 | D:12     | Noticed a stone giant
 20451 | Shoals:1 | Entered Level 1 of the Shoals
 20930 | Shoals:1 | Reached skill level 10 in Transmutations
 20938 | Shoals:1 | Learned a level 3 spell: Spectral Weapon
 21217 | Shoals:1 | Found Ekujukk's Weapon Boutique.
 21341 | Shoals:1 | Gained mutation: Your spells are harder to cast, but more
                  | powerful. [Jiyva's grace]
 21546 | Spider:1 | Entered Level 1 of the Spider Nest
 21974 | Orc      | Entered the Orcish Mines
 21974 | Orc      | Found Olot Xos's Antique Weapon Boutique.
 21999 | Orc      | Reached skill level 10 in Spellcasting
 22078 | Orc      | Found a roughly hewn altar of Beogh.
 22082 | Orc      | Found Kupninaq's Magic Scroll Shoppe.
 22119 | Orc      | Bought a scroll of teleportation for 39 gold pieces
 22119 | Orc      | Bought a scroll of magic mapping for 45 gold pieces
 22178 | Orc      | Found a roughly hewn altar of Beogh.
 22195 | Orc      | Lost mutation: Your spells are harder to cast, but more
                  | powerful. [Jiyva's grace]
 22200 | Orc      | Learned a level 3 spell: Inner Flame
 22304 | Orc      | Found a staircase to the Elven Halls.
 22434 | Orc      | Found a roughly hewn altar of Beogh.
 22435 | Orc      | Lost mutation: You have a small jelly attached to you that
                  | may absorb incoming projectiles. [Jiyva's grace]
 22519 | Orc      | Gained mutation: You have acidic saliva. [Jiyva's grace]
 22527 | Orc      | Lost mutation: Your body has grown golden eyes which may
                  | confuse attackers. (Acc +3) [Jiyva's grace]
 22560 | Orc      | Gained mutation: Armour fits poorly on your large
                  | pseudopods. [Jiyva's grace]
 22577 | Orc      | Found a roughly hewn altar of Beogh.
 22619 | Orc      | Found a roughly hewn altar of Beogh.
 22695 | Orc      | Noticed an orc warlord
 22696 | Orc      | Gained mutation: You are covered in fur. (AC +1) [Jiyva's
                  | grace]
 22715 | Orc      | Reached skill level 5 in Poison Magic
 22756 | Orc      | Killed an orc warlord
 22795 | Orc      | Gained mutation: Your rubbery body absorbs attacks. (AC +1,
                  | EV +1) [Jiyva's grace]
 22828 | Orc      | Found Xazxez's Antique Armour Boutique.
 22829 | Orc      | Found a roughly hewn altar of Beogh.
 22832 | Orc      | Found Xonlannicunn's Antique Weapon Shop.
 22837 | Orc      | Lost mutation: Your spells are a little harder to cast, but
                  | a little more powerful. [Jiyva's grace]
 22987 | Orc      | Lost mutation: Armour fits poorly on your large pseudopods.
                  | [Jiyva's grace]
 23050 | Orc      | Found a roughly hewn altar of Beogh.
 23060 | Orc      | Lost mutation: Armour fits poorly on your pseudopods.
                  | [Jiyva's grace]
 23093 | Orc      | Found a roughly hewn altar of Beogh.
 23107 | Orc      | Found a roughly hewn altar of Beogh.
 23107 | Orc      | Found Puojo's Food Shop.
 23139 | Orc      | Gained mutation: You are agile. (Dex +2) [Jiyva's grace]
 23457 | D:12     | Reached XP level 14. HP: 72/72 MP: 26/29
 23478 | D:12     | Noticed Agnes
 23532 | D:11     | Slimified a frost giant
 23532 | D:11     | Noticed an acid blob
 23532 | D:11     | a frost giant changed into an acid blob
 23558 | D:11     | Found a runed door.
 23798 | Spider:1 | Gained mutation: You possess an exceptional clarity of
                  | mind. [Jiyva's grace]
 23951 | Spider:1 | Gained mutation: Your pliable body absorbs attacks. (AC +2,
                  | EV +2) [Jiyva's grace]
 24190 | Spider:1 | Noticed an entropy weaver
 24230 | Spider:1 | Slimified an entropy weaver
 24230 | Spider:1 | Noticed an azure jelly
 24230 | Spider:1 | an entropy weaver changed into an azure jelly
 25618 | Spider:2 | Reached skill level 10 in Fighting
 25635 | Spider:2 | Reached skill level 1 in Throwing
 25640 | Spider:2 | Learned a level 2 spell: Flaming Arrows
 26010 | Spider:3 | Entered Level 3 of the Spider Nest
 26010 | Spider:3 | Noticed an emperor scorpion
 26013 | Spider:3 | Killed an emperor scorpion
 26038 | Spider:2 | Gained mutation: Your gelatinous body deflects attacks. (AC
                  | +3, EV +3) [Jiyva's grace]
 26062 | Spider:3 | Reached skill level 1 in Long Blades
 26165 | Spider:3 | Reached skill level 16 in Stealth
 26183 | Spider:3 | Gained mutation: You are partially covered in molten
                  | scales. (AC +2) [Jiyva's grace]
 26199 | Spider:3 | Noticed an emperor scorpion
 26207 | Spider:3 | Slimified an emperor scorpion
 26207 | Spider:3 | Noticed an azure jelly
 26207 | Spider:3 | an emperor scorpion changed into an azure jelly
 26268 | Spider:3 | Noticed an emperor scorpion
 26279 | Spider:3 | Slimified an emperor scorpion
 26279 | Spider:3 | Noticed an acid blob
 26279 | Spider:3 | an emperor scorpion changed into an acid blob
 26297 | Spider:3 | Gained mutation: Your body has grown golden eyes which may
                  | confuse attackers. (Acc +3) [Jiyva's grace]
 26317 | Spider:3 | Noticed an emperor scorpion
 26323 | Spider:3 | Slimified an emperor scorpion
 26323 | Spider:3 | Noticed an acid blob
 26323 | Spider:3 | an emperor scorpion changed into an acid blob
 26435 | Spider:3 | Killed a ghost moth
 26531 | Spider:3 | Noticed an emperor scorpion
 26537 | Spider:3 | Slimified an emperor scorpion
 26537 | Spider:3 | an emperor scorpion changed into a slime creature
 26676 | Spider:3 | Noticed a ghost moth
 26681 | Spider:3 | Slimified a ghost moth
 26681 | Spider:3 | Noticed an azure jelly
 26681 | Spider:3 | a ghost moth changed into an azure jelly
 26696 | Spider:3 | Killed an acid blob
 26728 | Spider:3 | Noticed an emperor scorpion
 26729 | Spider:3 | Noticed a ghost moth
 26745 | Spider:3 | Slimified an emperor scorpion
 26745 | Spider:3 | Noticed an azure jelly
 26745 | Spider:3 | an emperor scorpion changed into an azure jelly
 26756 | Spider:3 | Slimified a ghost moth
 26756 | Spider:3 | a ghost moth changed into a slime creature
 26774 | Spider:3 | Reached XP level 15. HP: 80/80 MP: 15/30
 26959 | Spider:3 | Lost mutation: You are agile. (Dex +2) [Jiyva's grace]
 26970 | Spider:3 | Got a gossamer rune of Zot
 27104 | Spider:2 | Lost mutation: You have sharp fingernails. [Jiyva's grace]
 27333 | Shoals:1 | Lost mutation: You possess an exceptional clarity of mind.
                  | [Jiyva's grace]
 27392 | Shoals:1 | Learned a level 6 spell: Invisibility
 28020 | Shoals:2 | Gained mutation: Your flesh is heat resistant. (rF+)
                  | [Jiyva's grace]
 28220 | Shoals:2 | Noticed a kraken
 28247 | Shoals:2 | Killed a kraken
 28265 | Shoals:2 | Lost mutation: You have acidic saliva. [Jiyva's grace]
 28295 | Shoals:2 | Found Pun Utio's Mayhem Merchandise.
 28888 | Shoals:3 | Entered Level 3 of the Shoals
 29101 | Shoals:3 | Noticed Polyphemus
 29280 | Shoals:3 | Noticed Louise
 29316 | Shoals:3 | Noticed Ilsuiw
 29366 | Shoals:3 | Gained mutation: You are partially covered in rugged brown
                  | scales. (AC +1, +3% HP) [Jiyva's grace]
 29412 | Shoals:3 | Gained mutation: You are clumsy. (Dex -2) [mutagenic glow]
 29421 | Shoals:3 | Lost mutation: You are clumsy. (Dex -2) [Jiyva's power]
 29430 | Shoals:3 | Noticed Kirke
 29614 | Shoals:3 | Noticed a sphinx
 29616 | Shoals:3 | Killed Kirke
 29645 | Shoals:3 | Reached skill level 15 in Dodging
 29666 | Shoals:3 | Gained mutation: You are frail. (-10% HP) [Jiyva's grace]
 29694 | Shoals:3 | Gained mutation: Your body has grown many golden eyes which
                  | may confuse attackers. (Acc +5) [Jiyva's grace]
 29757 | Shoals:3 | Lost mutation: Your gelatinous body deflects attacks. (AC
                  | +3, EV +3) [Jiyva's grace]
 29792 | Shoals:3 | Gained mutation: You have acidic saliva. [Jiyva's grace]
 29793 | Shoals:3 | Lost mutation: You are frail. (-10% HP) [Jiyva's power]
 29881 | Shoals:3 | Slimified Polyphemus
 29881 | Shoals:3 | Noticed Polyphemus
 29881 | Shoals:3 | Polyphemus changed into Polyphemus the slime creature
 29913 | Shoals:3 | Killed Polyphemus the slime creature
 30013 | Shoals:3 | Lost mutation: You are partially covered in rugged brown
                  | scales. (AC +1, +3% HP) [Jiyva's grace]
 30062 | Shoals:3 | Reached skill level 10 in Evocations
 30278 | Shoals:3 | Lost mutation: You are partially covered in slimy green
                  | scales. (AC +2) [Jiyva's grace]
 30327 | Shoals:3 | Slimified Ilsuiw
 30327 | Shoals:3 | Noticed Ilsuiw
 30327 | Shoals:3 | Ilsuiw changed into Ilsuiw the azure jelly
 30490 | Shoals:3 | Got a barnacled rune of Zot
 30669 | Shoals:3 | Killed Louise
 30679 | Shoals:3 | Lost mutation: You are partially covered in molten scales.
                  | (AC +2) [Jiyva's grace]
 30788 | Shoals:3 | Identified Sif Muna's Tome of Evil Snow
 31529 | Lair:5   | Reached XP level 16. HP: 66/85 MP: 21/31
 31654 | Lair:5   | Gained mutation: Your flesh is cold resistant. (rC+)
                  | [Jiyva's grace]
 31921 | Lair:5   | Lost mutation: Your body has grown many golden eyes which
                  | may confuse attackers. (Acc +5) [Jiyva's grace]
 32517 | Lair:5   | Lost mutation: Your body has grown golden eyes which may
                  | confuse attackers. (Acc +3) [Jiyva's grace]
 33873 | Lair:6   | Gained mutation: You are agile. (Dex +2) [Jiyva's grace]
 33936 | Lair:6   | Gained mutation: You can translocate small distances at
                  | will. [Jiyva's grace]
 34012 | Lair:6   | Gained mutation: You are weak. (Str -2) [Jiyva's grace]
 34013 | Lair:6   | Lost mutation: You are weak. (Str -2) [Jiyva's power]
 34529 | Lair:6   | Found a snail-covered altar of Cheibriados.
 35011 | Lair:6   | Found a large runed door.
 35032 | Lair:6   | Lost mutation: You are agile. (Dex +2) [Jiyva's grace]
 35078 | Lair:6   | Found a large runed door.
 35943 | Elf:1    | Entered Level 1 of the Elven Halls
 36095 | Elf:1    | Gained mutation: You are partially covered in rugged brown
                  | scales. (AC +1, +3% HP) [Jiyva's grace]
 36227 | Elf:1    | Shot with an arrow by a deep elf archer

Skill      XL: |  1  2  3  4  5  6  7  8  9 10 11 12 13 14 15 16 |
---------------+-------------------------------------------------+-----
Fighting       | 1 2 4 5 6 7 10 | 10.4
Stealth        | 5 6 7 10 12 15 16 | 16.0
Short Blades   | 2 3 5 8 |  8.3
Spellcasting   | 3 4 5 6 7 9 10 12 | 12.0
Ice Magic      | 1 2 3 4 |  4.6
Hexes          | 4 5 6 8 10 11 12 13 | 13.0
Dodging        | 5 9 10 12 13 15 | 15.0
Evocations     | 2 4 7 9 10 | 10.0
Transmutations | 4 8 9 10 12 13 | 13.0
Poison Magic   | 3 5 7 8 9 |  9.0
Charms         | 5 |  5.0
Throwing       | 3 |  3.1
Long Blades    | 1 4 |  4.7
Necromancy     | |  0.8

Action                   |  1- 3 |  4- 6 |  7- 9 | 10-12 | 13-15 | 16-18 || total
-------------------------+-------+-------+-------+-------+-------+-------++-------
Melee: Dagger            |    97 |   196 |   210 |   315 |   884 |   324 ||  2026
       Pseudopods        |       |    15 |    40 |    50 |    57 |       ||   162
       Short sword       |       |     1 |       |     9 |       |       ||    10
       Bite              |       |       |    13 |    33 |    67 |    43 ||   156
       Long sword        |       |       |       |       |    58 |    28 ||    86
       Trident           |       |       |       |       |     2 |       ||     2
       Rapier            |       |       |       |       |       |     4 ||     4
 Fire: Hunting sling     |       |       |       |       |    11 |     2 ||    13
Throw: Stone             |    11 |    20 |    28 |    14 |    68 |    12 ||   153
       Tomahawk          |       |       |       |    12 |    95 |    23 ||   130
 Cast: Corona            |     5 |     1 |       |       |       |       ||     6
       Ensorcelled Hiber |    10 |    24 |    24 |   132 |   227 |    91 ||   508
       Confuse           |       |    13 |    27 |    58 |   118 |    33 ||   249
       Tukima's Dance    |       |     1 |    10 |     4 |    37 |       ||    52
       Regeneration      |       |       |       |     1 |     6 |     7 ||    14
       Inner Flame       |       |       |       |       |     9 |     1 ||    10
       Spectral Weapon   |       |       |       |       |    28 |    15 ||    43
       Flaming Arrows    |       |       |       |       |    10 |     2 ||    12
       Invisibility      |       |       |       |       |     5 |       ||     5
       Infestation       |       |       |       |       |       |     1 ||     1
Invok: Request Jelly     |       |     2 |       |     1 |     1 |       ||     4
       Cure Bad Mutation |       |       |       |     1 |     2 |     1 ||     4
       Slimify           |       |       |       |       |    18 |     1 ||    19
Evoke: Wand              |       |       |       |     3 |    10 |     1 ||    14
  Use: Scroll            |       |     1 |     4 |     3 |     6 |     2 ||    16
       Potion            |       |     1 |       |     1 |     6 |     1 ||     9
 Stab: Sleeping          |    14 |    17 |    23 |    90 |   164 |    43 ||   351
       Confused          |       |     2 |     9 |    23 |    52 |    12 ||    98
       Distracted        |       |     2 |       |     3 |    17 |     8 ||    30
       Petrifying        |       |       |       |     1 |       |       ||     1
       Invisible         |       |       |       |       |     2 |       ||     2
  Eat: Ration            |       |     1 |       |       |       |       ||     1
Armor: Robe              |     6 |     7 |    10 |     7 |    80 |    15 ||   125
Dodge: Dodged            |    67 |   183 |   156 |   189 |   923 |   308 ||  1826
Block: Other             |       |       |       |       |     2 |     2 ||     4
